 Dungeon Crawl Stone Soup version 0.27-b1-16-g6517624069 (webtiles) character file.

Game seed: 1277533652606129446

156 sixthgate the Skirmisher (level 5, -1/47 HPs)
             Began as a Gnoll Wanderer on July 26, 2021.
             Slain by a scorpion (7 damage)
             ... on level 4 of the Dungeon.
             The game lasted 00:02:33 (3212 turns).

sixthgate the Skirmisher (Gnoll Wanderer)           Turns: 3212, Time: 00:02:34

Health: -1/47      AC:  3    Str: 10    XL:     5   Next: 37%
Magic:  7/7        EV: 12    Int: 14    God:
Gold:   125        SH:  0    Dex: 11    Spells: 5/6 levels left

rFire    . . .     SeeInvis .   a - +2 spear
rCold    . . .     Faith    .   (no shield)
rNeg     . . .     Spirit   .   c - +0 robe
rPois    +         Reflect  .   (no helmet)
rElec    .         Harm     .   (no cloak)
rCorr    .         Rampage  .   q - +0 pair of gloves
Will     .....                  (no boots)
Stlth    ++........             (no amulet)
HPRegen  0.15/turn              h - ring of poison resistance
MPRegen  0.10/turn              (no ring)

@: no status effects
A: fangs 1, strong nose, distributed training
a: no special abilities


You were on level 4 of the Dungeon.
You visited 1 branch of the dungeon, and saw 4 of its levels.

You collected 125 gold pieces.

Inventory:

Hand Weapons
 a - a +2 spear (weapon)
 p - a +4 dagger
Missiles
 n - 8 poisoned darts (quivered)
Armour
 c - a +0 robe (worn)
 m - a +0 buckler
 q - a +0 pair of gloves (worn)
Jewellery
 h - a ring of poison resistance (left hand)
Scrolls
 b - 2 scrolls of enchant armour {unknown}
 d - 2 scrolls of teleportation {unknown}
 g - a scroll of blinking {unknown}
 k - a scroll of fear {unknown}
 l - a scroll of vulnerability {unknown}
 o - a scroll of identify {unknown}
 r - a scroll of amnesia {unknown}
Potions
 e - a potion of curing
 f - a potion of haste {unknown}
 i - a potion of might {unknown}
 j - a potion of degeneration {unknown}


   Skills:
 + Level 6.7 Fighting
 + Level 1.4 Short Blades
 + Level 1.4 Long Blades
 + Level 3.0 Axes
 + Level 1.4 Maces & Flails
 + Level 4.8 Polearms
 + Level 1.4 Staves
 + Level 1.4 Slings
 + Level 1.4 Bows
 + Level 1.4 Crossbows
 + Level 3.0 Throwing
 + Level 3.0 Armour
 + Level 3.0 Dodging
 + Level 1.4 Stealth
 + Level 1.4 Shields
 + Level 1.4 Unarmed Combat
 + Level 1.4 Spellcasting
 + Level 1.1 Conjurations
 + Level 1.1 Hexes
 + Level 1.1 Summonings
 + Level 1.1 Necromancy
 + Level 1.1 Translocations
 + Level 1.1 Transmutations
 + Level 1.1 Fire Magic
 + Level 1.1 Ice Magic
 + Level 1.1 Air Magic
 + Level 1.1 Earth Magic
 + Level 1.1 Poison Magic
 + Level 1.6 Invocations
 + Level 3.0 Evocations


You had 5 spell levels left.
You knew the following spells:

 Your Spells              Type           Power      Damage    Failure   Level
a - Apportation           Tloc           8%         N/A       16%         1

Your spell library contained the following spells:

 Spells                   Type           Power      Damage    Failure   Level
 Animate Skeleton         Necr           8%         N/A       16%         1
 Corona                   Hex            4%         N/A       16%         1
 Summon Small Mammal      Summ           16%        N/A       16%         1


Dungeon Overview and Level Annotations

Branches:
Dungeon (4/15)
 Temple: D:4-7

Altars:


Innate Abilities, Weirdness & Mutations

You have very sharp teeth.
Your uncanny sense of smell can sniff out nearby items.
Your experience applies equally to all skills.


Message History

You barely miss the scorpion.
The scorpion is moderately wounded.
The scorpion stings you.
You hit the scorpion but do no damage.
The scorpion is moderately wounded.
The scorpion stings you but does no damage.
You barely miss the scorpion.
The scorpion is moderately wounded.
The scorpion misses you.
You hit the scorpion but do no damage.
The scorpion is lightly wounded.
The scorpion closely misses you.
You hit the scorpion.
The scorpion is moderately wounded.
The scorpion misses you.
You closely miss the scorpion.
The scorpion is moderately wounded.
The scorpion stings you.
You hit the scorpion.
The scorpion is severely wounded.
The scorpion barely misses you.
You hit the scorpion.
The scorpion is severely wounded.
The scorpion barely misses you.
You closely miss the scorpion.
The scorpion is severely wounded.
The scorpion stings you.
* * * LOW HITPOINT WARNING * * *
You hit the scorpion but do no damage.
The scorpion is severely wounded.
The scorpion closely misses you.
You completely miss the scorpion.
The scorpion is severely wounded.
The scorpion stings you.
* * * LOW HITPOINT WARNING * * *
The scorpion closely misses you.
You hit the scorpion.
The scorpion is almost dead.
The scorpion stings you!
You die...

###......#
.........# ##.#
##.......# ...###
####...>## .....#
###...### .....
###...#### ...
..... ###....##.#
#.....# ###.....#
#......# ###.@##
##......## ###s##
#........#
#..(#####....(...#
#.....##.........#
#.###.)...)......#
#.. ##.?.).......#
#.# ###.........#
.. ###.......# ...
###.....#


You could see a scorpion.

Vanquished Creatures
  A howler monkey (D:4)
  A bullfrog skeleton (D:3)
  3 adders
  A worm (D:2)
  2 dart slugs (D:3)
  2 orcs (D:3)
  5 bats
  3 endoplasms (D:1)
  A giant cockroach (D:2)
  3 goblins
  6 hobgoblins
  A quokka (D:1)
  5 ball pythons
  6 frilled lizards
  11 kobolds
  3 rats
54 creatures vanquished.

Notes
Turn   | Place    | Note
-------+----------+-------------------------------------------
     0 | D:1      | sixthgate the Gnoll Wanderer began the quest for the Orb.
     0 | D:1      | sixthgate set off with the following items: a +2 spear, 2
                  | potions of curing, a +0 robe
     0 | D:1      | Reached XP level 1. HP: 23/23 MP: 1/1
   208 | D:1      | Reached XP level 2. HP: 29/29 MP: 2/2
   592 | D:1      | Learned a level 1 spell: Apportation
   850 | D:1      | Found a faded altar of an unknown god.
  1151 | D:2      | HP: 1/29 [adder (4)]
  1154 | D:2      | Reached XP level 3. HP: 9/35 MP: 3/3
  1636 | D:2      | Reached skill level 1 in Invocations
  1984 | D:2      | Reached skill level 1 in Short Blades
  1984 | D:2      | Reached skill level 1 in Long Blades
  1984 | D:2      | Reached skill level 1 in Maces & Flails
  1984 | D:2      | Reached skill level 1 in Staves
  1984 | D:2      | Reached skill level 1 in Slings
  1984 | D:2      | Reached skill level 1 in Bows
  1984 | D:2      | Reached skill level 1 in Crossbows
  1984 | D:2      | Reached skill level 1 in Stealth
  1984 | D:2      | Reached skill level 1 in Shields
  1984 | D:2      | Reached skill level 1 in Unarmed Combat
  1984 | D:2      | Reached skill level 1 in Spellcasting
  2167 | D:3      | Reached XP level 4. HP: 14/41 MP: 5/5
  2454 | D:3      | Reached skill level 1 in Conjurations
  2454 | D:3      | Reached skill level 1 in Hexes
  2454 | D:3      | Reached skill level 1 in Summonings
  2454 | D:3      | Reached skill level 1 in Necromancy
  2454 | D:3      | Reached skill level 1 in Translocations
  2454 | D:3      | Reached skill level 1 in Transmutations
  2454 | D:3      | Reached skill level 1 in Fire Magic
  2454 | D:3      | Reached skill level 1 in Ice Magic
  2454 | D:3      | Reached skill level 1 in Air Magic
  2454 | D:3      | Reached skill level 1 in Earth Magic
  2454 | D:3      | Reached skill level 1 in Poison Magic
  3166 | D:4      | Reached XP level 5. HP: 47/47 MP: 6/6
  3212 | D:4      | Slain by a scorpion

Illustrated notes

Levels and vault maps discovered:
D:1:      dpeg_arrival_erosion, layout_loops_corners,
          ebering_ecumenical_altar_webs, serial_park_tiny_1
D:2:      layout_loops_ring
D:3:      layout_rooms
D:4:      layout_cave_pods, minmay_temple_entry_waves, serial_shops,
          kennysheep_mini

Skill      XL: |  1  2  3  4  5 |
---------------+----------------+-----
Invocations    | 1 |  1.6
Short Blades   | 1 |  1.4
Long Blades    | 1 |  1.4
Maces & Flails | 1 |  1.4
Staves         | 1 |  1.4
Slings         | 1 |  1.4
Bows           | 1 |  1.4
Crossbows      | 1 |  1.4
Stealth        | 1 |  1.4
Shields        | 1 |  1.4
Unarmed Combat | 1 |  1.4
Spellcasting   | 1 |  1.4
Conjurations   | 1 |  1.1
Hexes          | 1 |  1.1
Summonings     | 1 |  1.1
Necromancy     | 1 |  1.1
Translocations | 1 |  1.1
Transmutations | 1 |  1.1
Fire Magic     | 1 |  1.1
Ice Magic      | 1 |  1.1
Air Magic      | 1 |  1.1
Earth Magic    | 1 |  1.1
Poison Magic   | 1 |  1.1
Axes           | 3 |  3.0
Throwing       | 3 |  3.0
Armour         | 3 |  3.0
Dodging        | 3 |  3.0
Evocations     | 3 |  3.0
Fighting       | |  6.7
Polearms       | |  4.8

Action                   |  1- 3 |  4- 6 || total
-------------------------+-------+-------++-------
Melee: Spear             |   104 |    73 ||   177
       Bite              |     4 |     6 ||    10
       Punch             |     1 |       ||     1
Throw: Dart              |     2 |     1 ||     3
  Use: Potion            |     3 |       ||     3
 Stab: Sleeping          |     4 |       ||     4
Armor: Robe              |     6 |     9 ||    15
Dodge: Dodged            |    47 |    39 ||    86
